 Dungeon Crawl Stone Soup version 0.27-a0-1144-g0b7d3b79db (webtiles) character file.

Game seed: 15123839791360596376

166 robertstho the Cutter (level 5, 0/55 HPs)
             Began as an Octopode Berserker on May 10, 2021.
             Was a Believer of Trog.
             Slain by an ogre
             ... wielding a +0 giant club
              (13 damage)
             ... on level 4 of the Dungeon.
             The game lasted 00:03:04 (3357 turns).

robertstho the Cutter (Octopode Berserker)          Turns: 3357, Time: 00:03:05

Health: 0/55       AC:  1    Str: 16    XL:     5   Next: 47%
Magic:  5/5        EV: 14    Int: 10    God:    Trog [**....]
Gold:   129        SH:  5    Dex: 12    Spells: 4/4 levels left

rFire    . . .     SeeInvis +   a - +0 short sword
rCold    . . .     Faith    .   (no shield)
rNeg     . . .     Spirit   .   (helmet restricted)
rPois    .         Reflect  +   g - amulet of reflection
rElec    .         Harm     .   i - ring of see invisible
rCorr    .         Rampage  .   (no ring)
Will     .....                  (no ring)
Stlth    ..........             (no ring)
HPRegen  0.18/turn              (no ring)
MPRegen  0.09/turn              (no ring)
                                (no ring)
                                (no ring)

@: berserking, very quick
A: almost no armour, amphibious, 8 rings, camouflage 1, gelatinous body 1,
(nimble swimmer 1), tentacles
a: Renounce Religion, Berserk, Trog's Hand


You were on level 4 of the Dungeon.
You worshipped Trog.
Trog was pleased with you.
You visited 1 branch of the dungeon, and saw 4 of its levels.

You collected 129 gold pieces.

Inventory:

Hand Weapons
 a - a +0 short sword (weapon)
Jewellery
 d - an amulet of the acrobat
 g - an amulet of reflection (around mantle)
 i - a ring of see invisible (left tentacle)
Scrolls
 b - 4 scrolls of teleportation {unknown}
 c - a scroll of enchant armour {unknown}
 e - 2 scrolls of identify {unknown}
 f - a scroll of vulnerability {unknown}
 h - 2 scrolls of amnesia {unknown}
Potions
 j - a potion of mutation {unknown}
 k - a potion of degeneration {unknown}
 l - 2 potions of haste {unknown}
 m - 2 potions of heal wounds {unknown}
 n - 3 potions of curing {unknown}
 o - a potion of might {unknown}


   Skills:
 + Level 3.6 Fighting
 + Level 4.1 Short Blades
 + Level 3.7 Dodging
 + Level 3.6 Stealth
 + Level 0.3 Shields


You had 4 spell levels left.
You didn't know any spells.
Your spell library was empty.

Dungeon Overview and Level Annotations

Branches:
Dungeon (4/15)
 Temple: D:4-7

Altars:
Ru


Innate Abilities, Weirdness & Mutations

You cannot wear most types of armour.
You are amphibious.
You can wear up to eight rings at the same time.
Your skin changes colour to match your surroundings (Stealth+).
Your rubbery body absorbs attacks. (AC +1, EV +1)
((You are camouflaged near water. (Stealth+)))
You have tentacles for arms and can constrict up to eight enemies at once.


Message History

There is a stone staircase leading down here.
You climb downwards. 2 jackals come into view.
Found 2 fuming amethyst potions.
Found an escape hatch in the floor.
There is a stone staircase leading up here.
Okay, then.
The helpless jackal fails to defend itself.
You impale the jackal!!
You kill the jackal!
Trog accepts your kill.
The helpless jackal fails to defend itself.
You impale the jackal!!
You kill the jackal!
Trog accepts your kill.
No target in view!
No target in view!
Found a pair of gloves.
Found a stone staircase leading down.
n - 2 fuming amethyst potions (gained 1)
n - 3 fuming amethyst potions (gained 1)
An ogre comes into view. It is wielding a +0 giant club.
An ogre is nearby!
An ogre is nearby!
An ogre is nearby!
An ogre is nearby!
A ball python comes into view.
Found 4 gold pieces.
Found a stone staircase leading down.
The ogre shouts!
The ball python hisses angrily.
You hear a shout!
You hit the ogre.
The ogre is lightly wounded.
A giant cockroach comes into view.
A kobold comes into view. It is wielding a +0 whip.
The ogre hits you with a +0 giant club!!
Ouch! That really hurt!
* * * LOW HITPOINT WARNING * * *
You are too injured to fight recklessly!
A red film seems to cover your vision as you go berserk!
You feel yourself moving faster!
You feel mighty! The ogre hits you with a +0 giant club!
You die...

.. .. .... ...
########.... ....
........... ....
###..........
....########.........$..
.............[..........
...........###........>.
................@S....B.
................O.....##
........###>#...........
......<## #.........####
..#.....# ###.......#
.###..#... ........# .
#.. ...##....K...# ...
.#...........# ....
.##...


You could see an ogre, a giant cockroach, a ball python and a kobold.

Vanquished Creatures
  An orc priest (D:3)
  Robin (D:3)
  4 adders
  A worm (D:3)
  3 dart slugs
  5 orcs (D:3)
  3 ball pythons
  3 endoplasms (D:2)
  5 giant cockroaches
  19 goblins
  4 hobgoblins
  5 jackals
  A quokka (D:2)
  8 bats
  3 frilled lizards (D:1)
  3 kobolds
  5 rats
74 creatures vanquished.

Vanquished Creatures (others)
  4 plants (D:3)
4 creatures vanquished.

Grand Total: 78 creatures vanquished

Notes
Turn   | Place    | Note
-------+----------+-------------------------------------------
     0 | D:1      | robertstho the Octopode Berserker began the quest for the
                  | Orb.
     0 | D:1      | Reached XP level 1. HP: 16/16 MP: 1/1
   194 | D:1      | Reached XP level 2. HP: 21/21 MP: 2/2
   562 | D:1      | Found a faded altar of an unknown god.
  1039 | D:2      | Reached XP level 3. HP: 25/26 MP: 3/3
  1055 | D:2      | Reached skill level 1 in Stealth
  1248 | D:2      | Reached ** piety under Trog
  1540 | D:2      | Reached XP level 4. HP: 31/31 MP: 4/4
  2071 | D:3      | Noticed Robin
  2093 | D:3      | Killed Robin
  2362 | D:3      | Reached XP level 5. HP: 33/36 MP: 5/5
  2605 | D:3      | Reached skill level 4 in Short Blades
  3303 | D:3      | Found a sacrificial altar of Ru.
  3352 | D:4      | Noticed an ogre
  3357 | D:4      | Slain by an ogre

Illustrated notes

Levels and vault maps discovered:
D:1:      eino_arrival_druids_welcome, layout_basic,
          hellmonk_ecumenical_altar_crossroads
D:2:      layout_loops_corners, dk_vineyard_1
D:3:      wad_lake_hut, layout_basic, nicolae_ru_path_of_blood, uniq_robin
D:4:      layout_rooms, gammafunk_temple_overflow_wave, lemuel_crystal_altar,
          minmay_temple_entry_fiery

Skill      XL: |  1  2  3  4  5 |
---------------+----------------+-----
Stealth        | 2 3 |  3.6
Short Blades   | 4 |  4.1
Fighting       | |  3.6
Dodging        | |  3.7
Shields        | |  0.3

Action                   |  1- 3 |  4- 6 || total
-------------------------+-------+-------++-------
Melee: Short sword       |    54 |    72 ||   126
       Constrict         |    19 |    20 ||    39
       Tentacles         |    12 |    14 ||    26
Invok: Berserk           |     1 |     3 ||     4
 Stab: Sleeping          |    11 |     6 ||    17
Armor: Skin              |     6 |     4 ||    10
Dodge: Dodged            |    35 |    34 ||    69
Block: Other             |       |    10 ||    10

Table legend: (Time is in decaauts)
 A = Elapsed time spent in this place.
 B = Non-inter-level travel time spent in this place.
 C = Inter-level travel time spent in this place.
 D = Time resting spent in this place.
 E = Time spent auto-exploring this place.
 F = Levels seen in this place.
 G = Mean time per level.
                   A        B        C        D        E       F      G
               +--------+--------+--------+--------+--------+-----+--------+
         Total |   3365 |   3296 |     69 |    395 |   2519 |   4 |  841.2 |
       Dungeon |   3365 |   3296 |     69 |    395 |   2519 |   4 |  841.2 |
               +--------+--------+--------+--------+--------+-----+--------+

Top non-repeatable levels by time:
     D:2: 1239 daAuts
     D:3: 1181 daAuts
     D:1: 923 daAuts
     D:4: 20 daAuts
